 Dungeon Crawl Stone Soup version 0.21-a0-125-gb006224 (webtiles) character file.

6561 Duffy the Cleaver (level 10, 0/126 HPs)
             Began as a Demigod Gladiator on July 15, 2017.
             Slain by an orc knight
             ... wielding a +3 war axe of flaming
              (7 damage)
             ... on level 8 of the Dungeon.
             The game lasted 00:09:39 (9499 turns).

Duffy the Cleaver (Demigod Gladiator)               Turns: 9499, Time: 00:09:40

Health: 0/126      AC: 25    Str: 23    XL:     10   Next: 43%
Magic:  17/17      EV:  2    Int: 14    God:
Gold:   371        SH:  0    Dex: 17    Spells: 9/9 levels left

rFire    . . .     SeeInvis .   a - +2 broad axe (venom)
rCold    . . .     Gourm    .   (no shield)
rNeg     + + +     Faith    .   (armour currently unavailable)
rPois    +         Spirit   .   (helmet currently unavailable)
rElec    .         Reflect  .   (cloak currently unavailable)
rCorr    .         Harm     +   (gloves currently unavailable)
MR       ++...     NoTele   +   (boots currently unavailable)
Stlth    ++........             C - amulet of harm
HPRegen  0.31/turn              k - ring of protection from magic
MPRegen  0.15/turn              M - ring of poison resistance

@: tree-form
A: clever 1, high mp 1
a: no special abilities


You were on level 8 of the Dungeon.
You were not hungry.
You were a tree.
You visited 1 branch of the dungeon, and saw 8 of its levels.

You collected 371 gold pieces.

Inventory:

Hand Weapons
 a - a +2 broad axe of venom (weapon)
 V - a +0 dire flail
Missiles
 d - 3 throwing nets (quivered)
Armour
 g - a +0 plate armour (melded)
 m - a scarf of repulsion (melded)
 n - a +1 pair of boots (melded)
 r - a +2 helmet (melded)
 Z - a +2 pair of gloves (melded)
Jewellery
 c - an uncursed ring of protection from fire
 e - an uncursed ring of positive energy
 k - a ring of protection from magic (left branch)
 u - an uncursed ring of ice
 y - an uncursed ring of ice
 z - an uncursed ring of see invisible
 C - an amulet of harm (around neck)
 K - an uncursed ring of fire
 M - a ring of poison resistance (right branch)
Wands
 j - a wand of enslavement (21/24)
 x - a wand of polymorph (13/24)
 E - a wand of flame (18/48)
 J - a wand of confusion (26/48)
 L - a wand of iceblast (11/15)
Scrolls
 b - 11 scrolls of remove curse
 h - 2 scrolls of recharging
 l - 6 scrolls of teleportation
 o - 5 scrolls of fear
 q - 2 scrolls of blinking
 t - 2 scrolls of enchant armour {unknown}
 w - 2 scrolls of amnesia {unknown}
 H - 2 scrolls of enchant weapon
 I - 2 scrolls of noise {unknown}
 N - a scroll of identify
 S - a scroll of summoning {unknown}
 U - a scroll of magic mapping
Potions
 p - 2 potions of curing
 s - a potion of resistance
 v - a potion of mutation
 A - 2 potions of invisibility
 D - a potion of flight
 F - a potion of ambrosia
 G - 3 potions of heal wounds
 R - a potion of might
Books
 O - a book of Frost

   Spells                             Type                      Level
   a - Freeze                         Ice                          1
   b - Throw Frost                    Conjuration/Ice              2
   c - Ozocubu's Armour               Charms/Ice                   3
   d - Throw Icicle                   Conjuration/Ice              4
   e - Summon Ice Beast               Ice/Summoning                4
 T - a book of Conjurations

   Spells                             Type                      Level
   a - Magic Dart                     Conjuration                  1
   b - Searing Ray                    Conjuration                  2
   c - Dazzling Spray                 Conjuration/Hexes            3
   d - Fulminant Prism                Conjuration/Hexes            4
   e - Force Lance                    Conjuration/Translocation    4
   f - Iskenderun's Mystic Blast      Conjuration                  4
 Y - a book of Callings

   Spells                             Type                      Level
   a - Summon Small Mammal            Summoning                    1
   b - Call Imp                       Summoning                    2
   c - Call Canine Familiar           Summoning                    3
   d - Summon Guardian Golem          Hexes/Summoning              3
   e - Summon Lightning Spire         Summoning/Air                4
   f - Summon Ice Beast               Ice/Summoning                4
Comestibles
 f - 7 bread rations
 i - 2 royal jellies
 P - 3 fruits
 Q - a meat ration
 X - 27 chunks of flesh


   Skills:
 - Level 6.8 Fighting
 + Level 10.9 Axes
 - Level 1.7 Throwing
 + Level 5.3 Armour
 - Level 2.6 Dodging
 - Level 6.0 Evocations


You had 9 spell levels left.
You didn't know any spells.

Dungeon Overview and Level Annotations

Branches:
Dungeon (8/15)             Temple (0/1) D:5            Lair (0/6) D:8

Annotations:
D:1 Dig
D:8 1 transporter


Innate Abilities, Weirdness & Mutations

You have an increased reservoir of magic. (+10% MP)
((You have large cloven feet.))
Your mind is acute. (Int +2)
((You are resistant to electric shocks. (rElec)))


Message History

You hit the cyclops.
The orc knight hits you with a war axe of flaming!
The orc knight burns you.
You slash the cyclops!
The cyclops looks as sick as possible!
The cyclops is almost dead.
You hit the orc knight but do no damage.
The cyclops hits you.
You slash the cyclops!
You kill the cyclops!
You hit the orc knight but do no damage.
The orc knight hits you but does no damage.
You hit the orc knight but do no damage.
The orc knight looks as sick as possible!
The orc knight is heavily wounded.
The orc knight hits you but does no damage.
You closely miss the orc knight.
The orc knight is severely wounded.
The orc knight hits you with a war axe of flaming!
The orc knight burns you.
You die...

#......#....#.....P........######
#......#....#......#.......#....#
#......#...................#....#
#......#..#########........#....#
#......#.##.......##.......##'###
#......#.#8.#...#.8#.......#.....
#......#.#$!.#.#...#.......#.....
#........#[(.....o.#.......#.....
######..^#_(....7%.#^....).#.....
#.......#.$..$.)(.#.......#.....
#.......#...#.#...#....)..######
#.......#8.#...#.8#........#....
#...##..##...^...##........'.)..
#...###..#########........##....
#....................>....##....
#..........#......#........'....
#..........#......#........#....


You could see an orc knight.

Vanquished Creatures
  A two-headed ogre (D:8)
  A cyclops (D:8)
  Psyche (D:8)
  The ghost of 4thArraOfDagon the Digger, a novice DgEE (D:7)
  Prince Ribbit (D:8)
  A hippogriff (D:7)
  3 hungry ghosts
  Menkaure (D:5)
  Duvessa (D:4)
  3 orc warriors
  4 sky beasts
  3 ice beasts
  A black bear (D:8)
  2 phantoms
  2 ogres (D:8)
  A necrophage (D:4)
  4 centaurs
  A crocodile (D:8)
  Blork the orc (D:4)
  A big kobold (D:8)
  7 bullfrogs
  A wyvern zombie (D:8)
  Dowan (D:4)
  6 scorpions
  3 crimson imps
  A quasit (D:8)
  3 orc priests
  A centaur zombie (D:5)
  A hound (D:7)
  2 jellies
  2 bullfrog skeletons (D:7)
  9 orc wizards
  A centaur skeleton (D:6)
  4 iguanas
  5 worker ants
  Robin (D:4)
  12 adders
  A shadow imp (D:7)
  An ooze (D:2)
  2 adder skeletons
  5 worms
  3 dart slugs
  A leopard gecko (D:1)
  28 orcs
  5 bats
  6 giant cockroaches
  5 hobgoblins
  2 jackals (D:1)
  8 quokkas
  3 ball pythons
  4 frilled lizards
  10 goblins
  6 kobolds
  4 rats
  A spectral orc (D:6)
  3 fungi (D:8)
192 creatures vanquished.

Vanquished Creatures (others)
  A fungus (D:8)
  A plant (D:8)
2 creatures vanquished.

Grand Total: 194 creatures vanquished

Notes
Turn   | Place    | Note
-------+----------+-------------------------------------------
     0 | D:1      | Duffy the Demigod Gladiator began the quest for the Orb.
     0 | D:1      | Reached XP level 1. HP: 17/17 MP: 3/3
   219 | D:1      | Reached skill level 3 in Axes
   232 | D:1      | Reached XP level 2. HP: 23/24 MP: 4/4
   615 | D:2      | Found an ornate altar of the Wu Jian Council.
   736 | D:2      | Reached XP level 3. HP: 30/30 MP: 5/5
  1328 | D:2      | Reached skill level 4 in Axes
  1872 | D:3      | Reached XP level 4. HP: 37/37 MP: 6/6
  2370 | D:3      | Found a stormy altar of Qazlal.
  2374 | D:3      | Found a shimmering altar of Xom.
  2374 | D:3      | Found a snail-covered altar of Cheibriados.
  2376 | D:3      | Found a deep blue altar of Sif Muna.
  2376 | D:3      | Found a stormy altar of Qazlal.
  2376 | D:3      | Found an iron altar of Okawaru.
  2847 | D:4      | Noticed Blork the orc
  2862 | D:4      | Gained mutation: Your mind is acute. (Int +2) [potion of mutation]
  2862 | D:4      | Gained mutation: You are resistant to electric shocks. (rElec) [potion of mutation]
  2865 | D:4      | Killed Blork the orc
  2865 | D:4      | Reached skill level 5 in Axes
  2865 | D:4      | Reached XP level 5. HP: 17/45 MP: 7/7
  3116 | D:4      | Found a stormy altar of Qazlal.
  3118 | D:4      | Noticed an air elemental
  3119 | D:4      | Noticed a water elemental
  3119 | D:4      | Noticed a fire elemental
  3218 | D:4      | Noticed Robin
  3226 | D:4      | Killed Robin
  3332 | D:4      | Noticed a necrophage
  3335 | D:4      | Killed a necrophage
  3442 | D:4      | Noticed Dowan
  3444 | D:4      | Noticed Duvessa
  3447 | D:4      | Killed Duvessa
  3447 | D:4      | Reached XP level 6. HP: 45/52 MP: 8/8
  3456 | D:4      | Killed Dowan
  3456 | D:4      | Reached skill level 6 in Axes
  3924 | D:5      | Entered Level 5 of the Dungeon
  3924 | D:5      | Found a hazy altar of Hepliaklqana.
  4017 | D:5      | Found a staircase to the Ecumenical Temple.
  4175 | D:5      | Reached XP level 7. HP: 60/60 MP: 9/9
  4188 | D:5      | Noticed Menkaure
  4200 | D:5      | Killed Menkaure
  4488 | D:5      | Reached skill level 7 in Axes
  4520 | D:5      | Gained mutation: You have large cloven feet. [mutagenic meat]
  4704 | D:5      | Found a blossoming altar of Fedhas.
  4795 | D:5      | Reached skill level 5 in Fighting
  4915 | D:5      | Reached skill level 1 in Evocations
  5008 | D:6      | Found an ancient bone altar of Kikubaaqudgha.
  5010 | D:6      | Found a sparkling altar of Nemelex Xobeh.
  5010 | D:6      | Found a glowing silver altar of Zin.
  5011 | D:6      | Found an iron altar of Okawaru.
  5017 | D:6      | Noticed a hungry ghost
  5029 | D:6      | Killed a hungry ghost
  5029 | D:6      | Reached XP level 8. HP: 68/68 MP: 12/12
  5038 | D:6      | Reached skill level 8 in Axes
  5170 | D:6      | Found a white marble altar of Elyvilon.
  5560 | D:6      | Found a basalt altar of Yredelemnul.
  5900 | D:6      | Got an ancient whip
  5987 | D:7      | Noticed 4thArraOfDagon's ghost (novice DgEE)
  6000 | D:7      | Killed 4thArraOfDagon's ghost
  6158 | D:7      | Reached skill level 9 in Axes
  6643 | D:6      | Reached XP level 9. HP: 13/75 MP: 14/14
  7113 | D:7      | Reached skill level 1 in Armour
  7401 | D:7      | Found a bloodstained altar of Trog.
  7863 | D:8      | Noticed Prince Ribbit
  7872 | D:8      | Killed Prince Ribbit
  7872 | D:8      | Reached skill level 5 in Evocations
  8190 | D:8      | Noticed an orc knight
  8191 | D:8      | Found a transporter.
  8191 | D:8      | Found a deep blue altar of Sif Muna.
  8195 | D:8      | Noticed a cyclops
  8199 | D:8      | Found a transporter.
  8269 | D:8      | Found a staircase to the Lair.
  8274 | D:8      | Reached skill level 10 in Axes
  8359 | D:8      | Found a runed door.
  8368 | D:8      | Found a sacrificial altar of Ru.
  8385 | D:8      | Noticed a two-headed ogre
  8625 | D:8      | Reached XP level 10. HP: 84/84 MP: 17/17
  8760 | D:8      | Noticed a two-headed ogre
  8785 | D:8      | Killed a two-headed ogre
  9001 | D:8      | Noticed Psyche
  9009 | D:8      | Killed Psyche
  9353 | D:8      | Found a roughly hewn altar of Beogh.
  9494 | D:8      | Reached skill level 5 in Armour
  9497 | D:8      | Killed a cyclops
  9499 | D:8      | Slain by an orc knight

Vault maps used:
D:1:      dpeg_arrival_court, due_unseen_surprise
D:2:      lemuel_crystal_altar, first_bread
D:3:      serial_bayou, serial_bayou_lagoon_a, serial_bayou_shore_b,
          serial_bayou_shore_b, serial_bayou_shore_b, serial_bayou_pond_a,
          minivault_4, doesnt_xom_only_xom
D:4:      nicolae_qazlal_style_of_elements, uniq_robin, uniq_duvessa,
          uniq_blork_the_orc
D:5:      lemuel_crystal_altar, minmay_temple_entry_crystal_x, basic_altar,
          uniq_menkaure
D:6:      elyvilon_altar_5, yredelemnul_forgotten_temple_becter,
          chequers_temple_overflow_statue_of_worship
D:7:      basic_altar
D:8:      nicolae_ru_great_annihilating_truth, gammafunk_temple_overflow_arena,
          grunt_lair_entry_orc_guard_hut, lightli_church_of_beogh, uniq_psyche,
          uniq_prince_ribbit1

Skill      XL: |  1  2  3  4  5  6  7  8  9 10 |
---------------+-------------------------------+-----
Fighting       | 2 3 4 5 6 |  6.8
Axes           | 3 4 5 6 7 9 10 | 10.9
Evocations     | 1 3 6 |  6.0
Armour         | 3 5 |  5.3
Throwing       | |  1.7
Dodging        | |  2.6

Action                   |  1- 3 |  4- 6 |  7- 9 | 10-12 || total
-------------------------+-------+-------+-------+-------++-------
Melee: War axe           |   102 |    53 |       |       ||   155
       Broad axe         |       |    51 |   239 |    84 ||   374
Evoke: Wand              |       |       |       |     2 ||     2
  Use: Scroll            |     1 |       |    13 |     2 ||    16
       Potion            |       |     3 |     1 |     1 ||     5
 Stab: Sleeping          |     1 |       |       |       ||     1
       Distracted        |       |       |     1 |       ||     1
       Invisible         |       |       |     1 |       ||     1
       Paralysed         |       |       |     1 |       ||     1
       Confused          |       |       |       |     1 ||     1
  Eat: Chunk             |     3 |     7 |    11 |     5 ||    26
       Meat ration       |       |       |     2 |       ||     2
Armor: Ring mail         |    35 |    36 |    37 |       ||   108
       Leather armour    |     5 |       |       |       ||     5
       Plate armour      |       |       |   122 |    37 ||   159
       Skin              |       |       |       |    15 ||    15
Dodge: Dodged            |    75 |    58 |   118 |    24 ||   275
       Deflected         |       |     3 |     7 |     2 ||    12
